 Dungeon Crawl Stone Soup version 0.22-a0-567-gff9aefc (webtiles) character file.

121 tstbtto the Chopper (level 4, -2/35 HPs)
             Began as a Demonspawn Berserker on June 29, 2018.
             Was a Believer of Trog.
             Slain by a gnoll
             ... wielding a +0 spear
              (3 damage)
             ... on level 3 of the Dungeon.
             The game lasted 00:01:11 (2144 turns).

tstbtto the Chopper (Demonspawn Berserker)          Turns: 2144, Time: 00:01:12

Health: -2/35      AC:  6    Str: 18    XL:     4   Next: 76%
Magic:  4/4        EV: 11    Int:  9    God:    Trog [**....]
Gold:   91         SH:  0    Dex: 12    Spells: 3/3 levels left

rFire    . . .     SeeInvis .   Y - +0 battleaxe
rCold    . . .     Gourm    .   (shield currently unavailable)
rNeg     . . .     Faith    .   j - +0 ring mail
rPois    .         Spirit   .   (no helmet)
rElec    .         Reflect  .   (no cloak)
rCorr    .         Harm     .   (no gloves)
MR       .....                  s - +0 pair of boots
Stlth    +.........             (no amulet)
HPRegen  0.11/turn              (no ring)
MPRegen  0.09/turn              (no ring)

@: berserk cooldown, slowed, very slow
A: hooves 2
a: Berserk, Trog's Hand, Renounce Religion


You were on level 3 of the Dungeon.
You worshipped Trog.
Trog was pleased with you.
You were hungry.

You visited 1 branch of the dungeon, and saw 3 of its levels.

You collected 91 gold pieces.


Innate Abilities, Weirdness & Mutations

You have hoof-like feet.


   Skills:
 - Level 3.0 Fighting
 + Level 5.1 Axes
 - Level 1.7 Armour
 - Level 1.7 Dodging


You had 3 spell levels left.
You didn't know any spells.
Your spell library was empty.

Inventory:

Hand Weapons
 d - a +0 mace
 Y - a +0 battleaxe (weapon)
Armour
 j - a +0 ring mail (worn)
 s - a +0 pair of boots (worn)
Jewellery
 k - an uncursed ring of positive energy {unknown}
Potions
 f - a potion of brilliance {unknown}
 g - 3 potions of haste
 h - a potion of lignification {unknown}
 i - a potion of mutation {unknown}
 l - a potion of invisibility {unknown}
 p - a potion of curing {unknown}
Comestibles
 a - 3 chunks of flesh
 c - 3 rations

Dungeon Overview and Level Annotations

Branches:
Dungeon (3/15)

Altars:


Message History

The bat hits you but does no damage. The adder bites you.
The bat hits you but does no damage. The gnoll hits you but does no damage.
The adder bites you but does no damage.
The gnoll hits you from afar with a spear!
The adder bites you.
You closely miss the adder.
The adder is severely wounded.
The bat closely misses you. The adder barely misses you.
The gnoll hits you but does no damage.
The teleport trap disappears.
The bat disappears!
A bat comes into view.
The adder closely misses you.
The gnoll hits you from afar with a spear.
The adder barely misses you.
The bat moves out of view.
You slice the adder!!
You kill the adder!
Trog accepts your kill.
The gnoll hits you from afar with a spear!
The gnoll hits you from afar with a spear.
You die...

... ..# #.#
#.# # #<#
#.#.#
#%###.#.###
#.......... #
###.#.#####.#
#..........
#..........
#.@..####.#
#%#)##
.......g#
#........
#######.#.
....( #b. .#
... .# .... .


You could see a gnoll and a bat.

Vanquished Creatures
  4 gnolls
  4 adders
  4 dart slugs
  A giant cockroach (D:1)
  3 hobgoblins
  2 jackals (D:3)
  5 bats
  5 frilled lizards
  6 goblins
  5 kobolds
  7 rats
46 creatures vanquished.

Vanquished Creatures (others)
  5 toadstools (D:1)
5 creatures vanquished.

Grand Total: 51 creatures vanquished

Notes
Turn   | Place    | Note
-------+----------+-------------------------------------------
     0 | D:1      | tstbtto the Demonspawn Berserker began the quest for the Orb.
     0 | D:1      | Reached XP level 1. HP: 18/18 MP: 1/1
     0 | D:1      | 0 ||| counter = 4645
   207 | D:1      | Reached skill level 3 in Axes
   280 | D:1      | Gained mutation: You have large cloven feet. [demonic ancestry]
   280 | D:1      | Reached XP level 2. HP: 24/24 MP: 2/2
   596 | D:1      | 596 ||| INVOKING Berserk.
   602 | D:1      | Reached XP level 3. HP: 28/29 MP: 3/3
   815 | D:1      | 815 ||| READING scroll labeled MEGOICHO JAAPO.
   816 | D:1      | 816 ||| READING scroll labeled GYOFUC DASS.
   817 | D:1      | 817 ||| READING scroll labeled QEICUU CUSI.
   999 | D:2      | Reached skill level 4 in Axes
  1618 | D:2      | 1618 ||| SWAPPING to runed battleaxe.
  1619 | D:2      | 1619 ||| DROPPING +0 hand axe.
  1689 | D:2      | Reached ** piety under Trog
  1812 | D:2      | Gained mutation: You have hoof-like feet. [demonic ancestry]
  1812 | D:2      | Reached XP level 4. HP: 27/35 MP: 4/4
  2026 | D:2      | 2026 ||| UPGRADING to leather armour.
  2036 | D:2      | 2036 ||| DROPPING +0 animal skin.
  2037 | D:2      | 2037 ||| UPGRADING to ring mail.
  2047 | D:2      | 2047 ||| DROPPING +0 leather armour.
  2048 | D:2      | 2048 ||| UPGRADING to pair of boots.
  2053 | D:2      | 2053 ||| READING scroll labeled KOTHAFEECI.
  2054 | D:2      | 2054 ||| READING scroll labeled SOFEPOKHL SOUR.
  2055 | D:2      | 2055 ||| READING scroll labeled YCHYLE NIBE.
  2056 | D:2      | 2056 ||| DRINKING 4 brown potions.
  2128 | D:3      | 2128 ||| INVOKING Berserk.
  2139 | D:3      | Reached skill level 5 in Axes
  2144 | D:3      | HP: 1/35 [gnoll/spear (9)]
  2144 | D:3      | Slain by a gnoll

Vault maps used:
D:1:      ldierk_walled_garden, st_stairs_10, minmay_pentomino_p2
D:2:      minmay_misc_feat_iff
D:3:      roderic_batcave

Skill      XL: |  1  2  3  4 |
---------------+-------------+-----
Axes           | 3 4 5 |  5.1
Fighting       | |  3.0
Armour         | |  1.7
Dodging        | |  1.7

Action                   |  1- 3 |  4- 6 || total
-------------------------+-------+-------++-------
Melee: Hand axe          |    75 |       ||    75
       Kick              |     9 |     1 ||    10
       Battleaxe         |    11 |    29 ||    40
Throw: Tomahawk          |     2 |     1 ||     3
Invok: Berserk           |     1 |     1 ||     2
  Use: Scroll            |     3 |     3 ||     6
       Potion            |       |     1 ||     1
  Eat: Chunk             |     4 |     1 ||     5
Armor: Animal skin       |    12 |     6 ||    18
       Ring mail         |       |    19 ||    19
Dodge: Dodged            |    52 |    21 ||    73

Table legend:
 A = Spawn XP
 B = Non-spawn XP
 C = Spawn XP percentage of total XP
 D = Spawn monster count
 E = Non-spawn monster count
 F = Spawn count percentage of total count
 G = Total turns spent on level
                    A         B        C        D         E        F      G
               +---------+---------+-------+---------+---------+-------+---------
         Total |       0 |     173 |   0.0 |       0 |      46 |   0.0 |  2144
               +---------+---------+-------+---------+---------+-------+---------
           D:1 |       0 |      41 |   0.0 |       0 |      15 |   0.0 |   846
           D:2 |       0 |      66 |   0.0 |       0 |      20 |   0.0 |  1235
           D:3 |       0 |      66 |   0.0 |       0 |      11 |   0.0 |    63
               +---------+---------+-------+---------+---------+-------+---------
